 Dungeon Crawl Stone Soup version 0.26.0-10-g1f06aea511 (webtiles) character file.

Game seed: 5210702517341039750

15722 dohliylev the Severer (level 12, -5/110 HPs)
             Began as a Minotaur Berserker on Jan 18, 2021.
             Was a High Priest of Trog.
             Slain by a hell rat (6 damage)
             ... summoned by a deep elf mage
             ... while petrified by a basilisk
             ... on level 11 of the Dungeon.
             The game lasted 00:31:46 (12744 turns).

dohliylev the Severer (Minotaur Berserker)         Turns: 12744, Time: 00:31:46

Health: -5/110     AC: 16    Str: 33    XL:     12   Next: 3%
Magic:  11/11      EV:  2    Int:  4    God:    Trog [*****.]
Gold:   949        SH:  0    Dex: 10    Spells: 11/11 levels left

rFire    . . .     SeeInvis .   n - +0 war axe
rCold    . . .     Faith    .   i - +0 buckler
rNeg     + + +     Spirit   .   j - +0 plate armour (curse)
rPois    ∞         Reflect  .   (helmet restricted)
rElec    .         Harm     .   (no cloak)
rCorr    .         Rampage  .   (no gloves)
Will     .....                  v - +0 pair of boots
Stlth    ..........             (no amulet)
HPRegen  0.28/turn              d - +6 ring of strength
MPRegen  0.12/turn              (no ring)

@: petrified, berserk cooldown, held, slowed
A: retaliatory headbutt, horns 2
a: Renounce Religion, Berserk, Trog's Hand, Brothers in Arms


You were on level 11 of the Dungeon.
You worshipped Trog.
Trog was extremely pleased with you.
You visited 2 branches of the dungeon, and saw 13 of its levels.
You also visited: Sewer and Ossuary.

You collected 949 gold pieces.

Inventory:

Hand Weapons
 n - a +0 war axe (weapon)
Armour
 a - +0 steam dragon scales
 i - a +0 buckler (worn)
 j - a cursed +0 plate armour (worn)
 v - a +0 pair of boots (worn)
 J - the cursed -1 pair of gloves "Lowasm" {Harm rPois Will- Int+8, unknown}
   (You found it on level 10 of the Dungeon)

   It affects your intelligence (+8).
   It protects you from poison.
   It affects your willpower, your defense against some magical effects.
   It increases damage dealt and taken.
   It has a curse placed upon it.
Jewellery
 d - a +6 ring of strength (left hand)
 I - an uncursed ring of ice
Wands
 F - a wand of paralysis (18)
 G - a wand of random effects (31)
Scrolls
 b - 5 scrolls of blinking
 c - 4 scrolls of enchant weapon
 e - 4 scrolls of remove curse
 h - 10 scrolls of teleportation
 k - 2 scrolls of magic mapping
 q - a scroll of fog {unknown}
 s - 2 scrolls of random uselessness {unknown}
 y - a scroll of immolation {unknown}
 z - a scroll of torment {unknown}
 A - a scroll of fear {unknown}
 B - 4 scrolls of enchant armour {unknown}
 D - 2 scrolls of holy word {unknown}
 E - 11 scrolls of identify
 H - a scroll of silence {unknown}
Potions
 f - 5 potions of magic {unknown}
 g - 9 potions of curing {unknown}
 l - 7 potions of might {unknown}
 m - 5 potions of flight {unknown}
 o - a potion of degeneration {unknown}
 p - a potion of lignification {unknown}
 r - 5 potions of berserk rage {unknown}
 t - 2 potions of haste {unknown}
 u - a potion of mutation {unknown}
 w - 4 potions of heal wounds {unknown}
 x - a potion of invisibility
 C - 2 potions of cancellation {unknown}


   Skills:
 + Level 11.4 Fighting
 + Level 15.2 Axes
 + Level 10.5 Armour
 + Level 6.4 Dodging
 + Level 6.3 Shields
 - Level 0.5 Evocations


You had 11 spell levels left.
You didn't know any spells.
Your spell library was empty.

Dungeon Overview and Level Annotations

Branches:
Dungeon (11/15)            Temple (0/1) D:4            Lair (2/6) D:9
  Sewer (visited)         Ossuary (visited)
  Swamp: Lair:2-4    Shoals: Lair:2-4     Snake: Lair:2-4    Spider: Lair:2-4
    Orc: D:9-12

Altars:
Ashenzari
Dithmenos
Elyvilon
Fedhas
Hepliaklqana
Makhleb
Okawaru
Qazlal
Ru
Vehumet
Xom
Yredelemnul
The Shining One

Shops:
D:7 ?


Innate Abilities, Weirdness & Mutations

You reflexively headbutt those who attack you in melee.
You have a pair of horns on your head.


Message History

The deep elf mage casts a spell.
The deep elf mage blinks!
The hellwing hits you.
* * * LOW HITPOINT WARNING * * *
The hellwing hits you.
* * * LOW HITPOINT WARNING * * *
The basilisk gazes at you. You resist with some effort.
A sky beast appears from thin air!
Reactivating autopickup.
The sky beast hits you but does no damage.
The hell rat bites you but does no damage.
The troll bites you but does no damage. The troll claws you but does no damage.
The troll claws you.
* * * LOW HITPOINT WARNING * * *
The neqoxec gestures.
The deep elf mage casts a spell.
The deep elf mage blinks!
The hellwing hits you. x2
* * * LOW HITPOINT WARNING * * *
The hell rat bites you!
You die...

. ##.# ..###.
...###..# .#.#...
....#...# .......
.......<##...#...
.................
..##...5.........
................
..##....r3.$.....
........l@4......
......5Y)T......
.......|...##...
............##.$
............# .
....>e..#.###
....... s.
...#... ..


You could see a hellwing (summoned), a deep elf mage, a troll, a basilisk, a
neqoxec (summoned), a jumping spider (summoned), a sky beast, a hell rat
(summoned), a quasit (summoned) and an ufetubus (summoned).

Vanquished Creatures
  Fannar (D:10)
  A catoblepas (Lair:1)
  2 two-headed ogres
  An unseen horror (D:10)
  Pikel (D:5)
  Joseph (D:9)
  4 cane toads (Lair:1)
  Maggie (D:8)
  2 ice devils (Lair:1)
  2 trolls
  A slime creature (D:10)
  4 blink frogs (Lair:1)
  A wyvern (Lair:2)
  3 yaks (D:7)
  A basilisk (Lair:1)
  Duvessa (D:5)
  2 water moccasins
  2 orc warriors (D:9)
  An eye of draining (D:10)
  4 sky beasts
  5 ice beasts
  3 black bears
  4 ogres
  9 wolves
  3 phantoms (D:10)
  3 centaurs
  2 lemures (D:5)
  Blork the orc (D:5)
  2 big kobolds (D:8)
  16 bullfrogs
  Dowan (D:5)
  A water moccasin zombie (D:9)
  5 scorpions
  2 wyvern skeletons
  11 killer bees
  A wight (D:10)
  5 howler monkeys
  2 centaur zombies
  2 bullfrog zombies
  A centaur skeleton (D:10)
  6 hounds
  3 jellies
  9 orc priests
  8 orc wizards
  5 iguanas
  9 worker ants
  2 hound zombies
  4 mummies (Ossuary)
  A worker ant zombie (D:7)
  7 gnolls
  18 adders
  A howler monkey skeleton (D:5)
  4 river rats
  3 white imps
  An ufetubus (D:8)
  3 oozes
  An adder skeleton (D:9)
  7 worms
  7 leopard geckos
  33 orcs
  12 bats
  7 giant cockroaches
  A gnoll zombie (Ossuary)
  7 goblins
  12 hobgoblins
  16 jackals
  20 kobolds
  3 quokkas
  17 ball pythons
  5 frilled lizards
  2 goblin zombies (D:5)
  A hobgoblin zombie (Ossuary)
  2 kobold zombies (Ossuary)
  An orc zombie (Ossuary)
  A quokka zombie (D:5)
  33 rats
387 creatures vanquished.

Vanquished Creatures (collateral kills)
  A big kobold zombie (Ossuary)
  4 mummies (Ossuary)
  A hobgoblin zombie (Ossuary)
  An orc zombie (Ossuary)
7 creatures vanquished.

Vanquished Creatures (others)
  8 fungi
  5 plants (D:9)
13 creatures vanquished.

Grand Total: 407 creatures vanquished

Notes
Turn   | Place    | Note
-------+----------+-------------------------------------------
     0 | D:1      | dohliylev the Minotaur Berserker began the quest for the
                  | Orb.
     0 | D:1      | Reached XP level 1. HP: 19/19 MP: 0/0
    59 | D:1      | Reached XP level 2. HP: 27/27 MP: 1/1
    67 | D:1      | Reached skill level 4 in Axes
   578 | D:1      | Reached XP level 3. HP: 33/34 MP: 2/2
   764 | D:2      | Reached ** piety under Trog
   913 | D:2      | Reached XP level 4. HP: 37/41 MP: 3/3
  1531 | D:3      | Reached skill level 5 in Fighting
  1531 | D:3      | Reached skill level 5 in Axes
  1596 | D:3      | Reached XP level 5. HP: 46/48 MP: 4/4
  1650 | D:3      | Reached *** piety under Trog
  2044 | D:3      | Found a white marble altar of Elyvilon.
  2293 | D:4      | Reached XP level 6. HP: 53/56 MP: 5/5
  2328 | D:4      | Reached skill level 6 in Axes
  2425 | D:4      | Found a shadowy altar of Dithmenos.
  2517 | D:4      | Found an iron altar of Okawaru.
  2539 | D:4      | Reached skill level 1 in Shields
  2542 | D:4      | Reached XP level 7. HP: 59/61 MP: 6/6
  2610 | D:4      | Reached skill level 5 in Armour
  2806 | D:4      | Found a staircase to the Ecumenical Temple.
  3005 | D:5      | Entered Level 5 of the Dungeon
  3009 | D:5      | Noticed Duvessa
  3016 | D:5      | Noticed Dowan
  3021 | D:5      | Killed Duvessa
  3022 | D:5      | Reached skill level 7 in Axes
  3025 | D:5      | Killed Dowan
  3025 | D:5      | Reached **** piety under Trog
  3079 | D:5      | Found a sand-covered staircase.
  3155 | Ossuary  | Entered an ossuary
  3618 | D:5      | Noticed Blork the orc
  3619 | D:5      | Noticed Pikel
  3629 | D:5      | Killed Blork the orc
  3629 | D:5      | Killed Pikel
  3630 | D:5      | Reached skill level 9 in Axes
  3630 | D:5      | Reached XP level 8. HP: 66/71 MP: 7/7
  3630 | D:5      | Identified the cursed +0 whip of the Firefly {antimagic,
                  | *Rage rElec MP+9 SInv}
  4177 | D:5      | Reached skill level 10 in Axes
  4184 | D:5      | Found a burning altar of Makhleb.
  4344 | D:6      | Reached XP level 9. HP: 76/79 MP: 8/8
  4613 | D:6      | Reached ***** piety under Trog
  4621 | D:6      | Found a glowing drain.
  4632 | Sewer    | Entered a sewer
  5061 | D:6      | Reached skill level 5 in Dodging
  5303 | D:6      | Got an ominously black robe
  5314 | D:6      | Identified the +2 robe of Generosity {-Cast +Blink Will-
                  | Dex+8} (You found it on level 6 of the Dungeon)
  5605 | D:7      | Reached skill level 11 in Axes
  5664 | D:7      | Found Jafaod's Magic Scroll Emporium.
  5964 | D:7      | Found a hazy altar of Hepliaklqana.
  5990 | D:7      | You fall into a shaft and drop 2 floors!
  6032 | D:9      | Noticed a two-headed ogre
  6049 | D:9      | Killed a two-headed ogre
  6050 | D:9      | Reached XP level 10. HP: 90/90 MP: 9/9
  6171 | D:9      | Reached skill level 12 in Axes
  6210 | D:9      | Found a staircase to the Lair.
  6397 | D:9      | Reached ****** piety under Trog
  6508 | D:9      | Found a broken altar of Ashenzari.
  6508 | D:9      | Found a glowing golden altar of the Shining One.
  6541 | D:9      | Noticed Joseph
  6552 | D:9      | Killed Joseph
  6851 | D:9      | Received a gift from Trog
  7687 | D:9      | Found a white marble altar of Elyvilon.
  8068 | D:8      | Reached skill level 13 in Axes
  8665 | D:8      | Reached skill level 5 in Shields
  8779 | D:8      | Found a stormy altar of Qazlal.
  8864 | D:8      | Found a radiant altar of Vehumet.
  8868 | D:8      | Found a basalt altar of Yredelemnul.
  8870 | D:8      | Found a shimmering altar of Xom.
  8870 | D:8      | Found a sacrificial altar of Ru.
  8902 | D:8      | Found a blossoming altar of Fedhas.
  8934 | D:8      | Noticed Maggie
  8946 | D:8      | Killed Maggie
  9375 | Lair:1   | Entered Level 1 of the Lair of Beasts
  9380 | Lair:1   | Noticed a cane toad
  9386 | Lair:1   | Killed a cane toad
  9387 | Lair:1   | Reached XP level 11. HP: 99/99 MP: 10/10
  9413 | Lair:1   | Reached skill level 10 in Fighting
  9789 | Lair:1   | Noticed a catoblepas
  9806 | Lair:1   | Killed a catoblepas
  9807 | Lair:1   | Reached skill level 14 in Axes
 11103 | Lair:2   | Received a gift from Trog
 11177 | D:10     | Entered Level 10 of the Dungeon
 11177 | D:10     | Noticed Fannar
 11200 | D:10     | Killed Fannar
 11201 | D:10     | Reached skill level 10 in Armour
 12125 | D:10     | Found a runed translucent door.
 12169 | D:10     | Got a pair of fine gloves
 12410 | D:10     | Killed an unseen horror
 12411 | D:10     | Reached skill level 15 in Axes
 12428 | D:10     | Noticed a two-headed ogre
 12436 | D:10     | Killed a two-headed ogre
 12437 | D:10     | Reached XP level 12. HP: 91/110 MP: 11/11
 12467 | D:10     | Got a masterwork mace
 12468 | D:10     | Identified the +10 mace "Tiaqua" {flame, Int-3 Dex+3} (You
                  | found it on level 10 of the Dungeon)
 12546 | D:10     | Found a runed translucent door.
 12743 | D:11     | HP: 4/110 [hellwing[a deep elf mage] (2)]
 12743 | D:11     | HP: 1/110 [troll (3)]
 12744 | D:11     | Slain by a hell rat

Illustrated notes

Levels and vault maps discovered:
D:1:      lightli_arrival_flooded_house, layout_rooms
D:2:      layout_basic
D:3:      layout_basic, lemuel_crystal_altar
D:4:      layout_gridville, nicolae_overflow_hidden_temple, okawaru_trees_1,
          temple_pool_b
D:5:      layout_rooms, bloody_makhleb, enter_ossuary_4, minmay_diced_spiral,
          uniq_blork_the_orc, uniq_duvessa, uniq_pikel
D:6:      layout_loops_ring, portal_sewer_entry_e
D:7:      layout_rooms, nzn_hepliaklqana_mist_gate, serial_shops, shop,
          nicolae_sextant
D:8:      layout_loops_corners, minitemple, nicolae_qazlal_style_of_elements,
          serial_aquarium, aquarium_bridge_straight [aquarium_subvault_bridge,
          aquarium_subvault_window, aquarium_subvault_bridge,
          aquarium_subvault_wall], aquarium_window_corridor_1,
          aquarium_window_2, aquarium_view_2e, aquarium_view_2c,
          aquarium_balcony_1a, uniq_maggie
D:9:      layout_basic, chequers_temple_overflow_statue_of_worship,
          grunt_lair_entry_orc_guard_hut, serial_co_window_serial,
          co_window_paths_b, co_window_paths_a, co_window_paths_a,
          co_window_paths_a, co_window_corner_a, co_window_corner_a,
          co_window_corner_a, co_window_paths_b, co_window_paths_b,
          co_window_2corner, co_window_paths_c, co_window_of_opportunity_b,
          co_window_unsneaky_path_c, co_window_unsneaky_path_e, glass_columns_a,
          glass_columns_b, glass_columns_a, elyvilon_altar_5, uniq_joseph
D:10:     cheibrodos_histonic, layout_grid_maze,
          hangedman_decor_clover_reticule, uniq_fannar
D:11:     layout_cave_pools, minmay_another_anthill
Lair:1:   layout_misc_corridors, portal_ice_cave_demonic_guard,
          beast_lair_carwin_2
Lair:2:   layout_cave_pods, minmay_snake_entry_six_corridors,
          cheibrodos_lair_lostbears

Skill      XL: |  1  2  3  4  5  6  7  8  9 10 11 |
---------------+----------------------------------+-----
Fighting       | 4 5 6 7 8 9 11 | 11.4
Axes           | 4 5 6 9 10 11 13 15 | 15.2
Armour         | 3 4 6 7 9 10 | 10.5
Dodging        | 3 4 5 6 |  6.4
Shields        | 1 2 3 5 6 |  6.3
Evocations     | |  0.5

Action                   |  1- 3 |  4- 6 |  7- 9 | 10-12 || total
-------------------------+-------+-------+-------+-------++-------
Melee: Hand axe          |    51 |   104 |   290 |    83 ||   528
       Headbutt          |     9 |    21 |    53 |    91 ||   174
       War axe           |       |       |       |   345 ||   345
Invok: Berserk           |     3 |     4 |     9 |    15 ||    31
       Brothers in Arms  |       |       |     1 |       ||     1
       Trog's Hand       |       |       |     1 |     4 ||     5
 Abil: Evoke Blink       |       |       |     1 |       ||     1
  Use: Scroll            |       |       |     6 |     1 ||     7
Armor: Animal skin       |     5 |       |       |       ||     5
       Leather armour    |     2 |       |       |       ||     2
       Ring mail         |     5 |    52 |    66 |       ||   123
       Plate armour      |       |       |       |   239 ||   239
       Chain mail        |       |       |       |    11 ||    11
Dodge: Dodged            |    54 |    58 |   126 |   196 ||   434
Block: Buckler           |     2 |     7 |    37 |    82 ||   128
